 Dungeon Crawl Stone Soup version 0.30-a0-335-ge5acde7520 (webtiles) character file.

Game seed: 10173688396338925871

11517 jlumianski the Cruncher (level 11, -14/83 HPs)
             Began as a Demonspawn Fighter on Oct 30, 2022.
             Was a Believer of Qazlal.
             Shot with an arrow by a centaur warrior (15 damage)
             ... on level 10 of the Dungeon.
             The game lasted 00:52:23 (8245 turns).

jlumianski the Cruncher (Demonspawn Fighter)        Turns: 8245, Time: 00:52:24

Health: -14/83     AC: 21    Str: 26    XL:     11   Next: 50%
Magic:  14/14      EV:  5    Int: 10    God:    Qazlal [**....]
Gold:   700        SH:  3    Dex: 13    Spells: 10/10 levels left

rFire   . . .      SeeInvis .    j - +5 lajatang
rCold   . . .      Faith    .    (shield currently unavailable)
rNeg    . . .      Spirit   .    S - +1 crystal plate armour
rPois   .          Reflect  .    V - +2 hat
rElec   .          Harm     .    (no cloak)
rCorr   .          Rampage  .    B - +1 pair of gloves
Will    +....                    H - +0 pair of boots
Stlth   ..........               o - amulet of regeneration
HPRegen 1.13/turn                f - +6 ring of strength
MPRegen 0.14/turn                A - ring of willpower

@: about to teleport, corroded, studying Maces & Flails
A: foul stench 1, spiny 1, sharp scales 1, weakness stinger 2
a: Renounce Religion, Upheaval


You were on level 10 of the Dungeon.
You worshipped Qazlal.
Qazlal was pleased with you.
You visited 2 branches of the dungeon, and saw 11 of its levels.
You also visited: Sewer.

You collected 700 gold pieces.

Inventory:

Hand Weapons
 a - a +1 war axe
 i - a +3 hand axe
 j - a +5 lajatang (weapon)
 n - a +0 broad axe
 s - a +1 vorpal war axe
 F - a +0 vampiric whip
 L - a +0 vampiric spear
 O - a +2 spear of venom
 Q - a +3 scimitar of flaming
 X - a +4 dire flail of freezing
Missiles
 t - a boomerang
 E - 14 poisoned darts (quivered)
 M - 4 datura-tipped darts
 N - a throwing net
 W - a curare-tipped dart
Armour
 b - a +0 scale mail
 c - a +0 buckler
 e - a +0 chain mail
 B - a +1 pair of gloves (worn)
 C - a +0 pair of boots
 G - +0 swamp dragon scales
 H - a +0 pair of boots (worn)
 P - a +0 kite shield
 S - a +1 crystal plate armour (worn)
 V - a +2 hat (worn)
Jewellery
 f - a +6 ring of strength (left hand)
 l - a ring of fire
 m - an amulet of magic regeneration
 o - an amulet of regeneration (around neck)
 A - a ring of willpower (right hand)
 T - the ring of Orthodoxy {Ice Fly rElec MP+9 Str-2}
   (You found it on level 8 of the Dungeon)

   [ring of ice]

   It enhances your ice magic.
   Str:       It affects your strength (-2).
   rF:        It makes you vulnerable to fire.
   rC:        It protects you from cold.
   rElec:     It insulates you from electricity.
   MP:        It affects your magic capacity (+9).
   Fly:       It grants you flight.
Wands
 J - a wand of flame (32)
Scrolls
 g - 3 scrolls of torment
 p - a scroll of butterflies
 w - 2 scrolls of teleportation
 y - 3 scrolls of blinking
 I - a scroll of poison
 R - a scroll of fear
 U - 2 scrolls of identify
Potions
 d - 3 potions of might
 h - 2 potions of flight
 k - a potion of haste
 q - 4 potions of attraction
 r - 3 potions of magic
 u - 2 potions of curing
 v - a potion of degeneration
 x - a potion of mutation
 z - a potion of lignification
 D - a potion of brilliance
 K - 2 potions of berserk rage


   Skills:
 + Level 6.8 Fighting
 - Level 5.1 Axes
 * Level 12.4 Staves
 + Level 1.6 Throwing
 + Level 6.6 Armour
 + Level 2.5 Dodging
 + Level 1.2 Stealth
 - Level 3.3 Shields
 * Level 4.9 Invocations
 * Level 2.3 Evocations


You had 10 spell levels left.
You didn't know any spells.
Your spell library contained the following spells:

 Spells                   Type           Power      Damage    Failure   Level
 Freeze                   Ice            0%         1d3       100%        1
 Kiss of Death            Conj/Necr      0%         2d5       100%        1
 Confusing Touch          Hex            0%         N/A       100%        3
 Dispel Undead            Necr           0%         3d6       100%        4
 Ice Form                 Ice/Tmut       0%         N/A       100%        4
 Sticky Flame             Conj/Fire      0%         2d3       100%        4


Dungeon Overview and Level Annotations

Branches:
Dungeon (10/15)            Temple (1/1) D:5             Orc (0/2) D:10
  Sewer (visited)
   Lair: D:8-11

Altars:
Ashenzari
Cheibriados
Dithmenos
Hepliaklqana
Kikubaaqudgha
Makhleb
Nemelex Xobeh
Okawaru
Qazlal
Trog
Uskayaw
Wu Jian
Xom
Yredelemnul

Annotations:
D:3 1 runed translucent door, Darkkill's ghost, weakling MiHu; Ijyb
D:7 2 transporters, liarliar's ghost, novice FoEE


Innate Abilities, Weirdness & Mutations

You may rarely emit foul miasma when damaged in melee.
You are partially covered in sharp spines.
You are partially covered in razor-sharp scales. (AC +1, Slay +1)
You have a tail ending in a sharp stinger.


Message History

You hear a horrible gurgling sound!
The troll attacks as you move away! The troll is struck by your spines.
The troll bites you but does no damage.
The troll claws you but does no damage. x2
Found a wand of flame (9).
The acid dragon bites you but does no damage.
The acid dragon claws you but does no damage.
You see here a wyvern corpse.
The troll attacks as you move away! The troll is struck by your spines.
The troll bites you but does no damage.
The troll claws you but does no damage. x2
Found 16 gold pieces.
Your surroundings suddenly seem different.
A brown ugly thing and an ogre mage come into view.
Found a scroll of fear, a scale mail and a great sword.
The brown ugly thing gurgles horribly!
The ogre mage shouts!
The ogre mage points at you and mumbles some strange words.
You resist with almost no effort.
A slime creature comes into view.
A freezing wraith comes into view.
Found a flail.
A slime creature comes into view.
A centaur warrior comes into view.
Found a scroll of enchant weapon.
The centaur warrior shouts!
You hear a shout!
You hear a horrible gurgling sound!
The centaur warrior wields a +0 shortbow.
The centaur warrior shoots an arrow.
The arrow hits you!
You hear a shout!
The air fills with toxic fumes!
As you read the scroll of poison, it crumbles to dust.
The brown ugly thing is struck by your spines.
The brown ugly thing claws you.
You are splashed with acid!
As you read the scroll of teleportation, it crumbles to dust.
You feel strangely unstable.
The centaur warrior shoots an arrow.
The arrow hits you!
* * * LOW HITPOINT WARNING * * *
The brown ugly thing claws you!
* * * LOW HITPOINT WARNING * * *
The acid corrodes you!
You are splashed with acid.
* * * LOW HITPOINT WARNING * * *
The centaur warrior shoots an arrow.
The arrow hits you!
You die...

## .# §§§ .#
#c# .# #§#
.#### §§§
.#.. #§# .#.#
##§## .#.#
#§§§# .#†#
#@# .#.#####
#.##u##.##.#
.......##
#..OW§.....J
##.##...#
#[##J##.##.#
......#.# #
#.# ##.##
##.##...####
§§§ ...
#...###...#
#### #.# #
####.#.######
#/##.##.##
##.......#
#...D....+


You could see a brown ugly thing, a slime creature, a centaur warrior, an ogre
mage and a freezing wraith.

Vanquished Creatures
  Erica (D:8)
  3 two-headed ogres
  Pikel (D:6)
  A manticore (D:8)
  A gargoyle (D:8)
  Maggie (D:6)
  A troll (D:8)
  Grinder (D:3)
  A hornet (D:7)
  A shadow (D:9)
  A wraith (D:8)
  A wyvern (D:10)
  19 yaks (D:10)
  4 steam dragons
  4 water moccasins
  3 black bears
  2 orc warriors
  An ice beast (D:5)
  3 sky beasts (D:7)
  2 centaurs
  3 lemures (D:6)
  A phantom (D:4)
  A kobold brigand (D:9)
  6 bullfrogs
  3 necrophages
  A gnoll sergeant (D:9)
  3 scorpions
  2 wights
  4 killer bees
  A howler monkey (D:8)
  2 hounds
  A gnoll bouda (D:5)
  6 orc priests
  4 orc wizards
  3 iguanas
  7 adders
  11 gnolls
  5 river rats
  2 shadow imps
  3 white imps
  An ufetubus (D:6)
  2 worms (D:2)
  2 dart slugs
  22 orcs
  11 ball pythons
  4 bats
  7 endoplasms
  5 giant cockroaches
  9 goblins
  9 hobgoblins
  6 jackals
  7 quokkas
  10 frilled lizards
  6 kobolds
  17 rats
239 creatures vanquished.

Vanquished Creatures (others)
  A shadow imp (D:7)
  3 kobolds (D:9)
4 creatures vanquished.

Grand Total: 243 creatures vanquished

Notes
Turn   | Place    | Note
-------+----------+-------------------------------------------
     0 | D:1      | jlumianski the Demonspawn Fighter began the quest for the
                  | Orb.
     0 | D:1      | Reached XP level 1. HP: 18/18 MP: 1/1
   179 | D:1      | Gained mutation: You have a small tail. [demonic ancestry]
   179 | D:1      | Reached XP level 2. HP: 24/24 MP: 2/2
   642 | D:1      | Reached XP level 3. HP: 26/29 MP: 3/3
  1446 | D:2      | Reached XP level 4. HP: 35/35 MP: 4/4
  1767 | D:3      | Found a runed translucent door.
  1773 | D:3      | Noticed Darkkill's ghost (weakling MiHu)
  1930 | D:3      | Noticed Ijyb
  2189 | D:3      | Found an ancient bone altar of Kikubaaqudgha.
  2234 | D:3      | Noticed Grinder
  2251 | D:3      | Paralysed by Grinder for 2 turns
  2258 | D:3      | Paralysed by Grinder for 4 turns
  2266 | D:3      | Paralysed by Grinder for 2 turns
  2275 | D:3      | Killed Grinder
  2276 | D:3      | Gained mutation: You have a tail ending in a sharp stinger.
                  | [demonic ancestry]
  2276 | D:3      | Reached XP level 5. HP: 19/42 MP: 5/5
  2276 | D:3      | Gained mutation: You are partially covered in razor-sharp
                  | scales. (AC +1, Slay +1) [demonic ancestry]
  2276 | D:3      | Reached XP level 6. HP: 22/48 MP: 6/6
  2454 | D:5      | Entered Level 5 of the Dungeon
  2604 | D:5      | Found a glowing drain.
  2642 | Sewer    | Entered a sewer
  3092 | D:5      | Reached XP level 7. HP: 54/54 MP: 7/7
  3269 | D:5      | Reached skill level 5 in Axes
  3813 | D:5      | Reached skill level 1 in Dodging
  3833 | D:5      | Reached skill level 1 in Staves
  3854 | D:5      | Reached skill level 2 in Staves
  3855 | D:5      | Found a staircase to the Ecumenical Temple.
  3864 | Temple   | Entered the Ecumenical Temple
  3926 | Temple   | Became a worshipper of Qazlal Stormbringer
  4257 | D:6      | Reached skill level 3 in Staves
  4293 | D:6      | Reached XP level 8. HP: 60/61 MP: 8/8
  4585 | D:5      | Reached skill level 4 in Staves
  4690 | D:6      | Noticed Maggie
  4702 | D:6      | Killed Maggie
  4703 | D:6      | Reached skill level 5 in Staves
  4703 | D:6      | Reached skill level 5 in Armour
  5092 | D:6      | Reached skill level 6 in Staves
  5229 | D:6      | Reached skill level 5 in Fighting
  5360 | D:6      | Noticed Pikel
  5365 | D:6      | Killed Pikel
  5366 | D:6      | Reached skill level 7 in Staves
  5366 | D:6      | Gained mutation: You are partially covered in sharp spines.
                  | [demonic ancestry]
  5366 | D:6      | Reached XP level 9. HP: 63/68 MP: 9/9
  5541 | D:6      | Noticed a two-headed ogre
  5546 | D:6      | Killed a two-headed ogre
  5547 | D:6      | Reached skill level 8 in Staves
  5547 | D:6      | Reached skill level 1 in Stealth
  5821 | D:7      | Reached skill level 9 in Staves
  5822 | D:7      | Reached * piety under Qazlal
  5962 | D:7      | Gained mutation: You may rarely emit foul miasma when
                  | damaged in melee. [demonic ancestry]
  5962 | D:7      | Reached XP level 10. HP: 75/76 MP: 10/10
  5972 | D:7      | Found a transporter.
  5994 | D:7      | Noticed liarliar's ghost (novice FoEE)
  6214 | D:7      | Found a transporter.
  6381 | D:8      | Reached skill level 1 in Invocations
  6491 | D:8      | Noticed Erica
  6503 | D:8      | Killed Erica
  6504 | D:8      | Reached skill level 10 in Staves
  6891 | D:8      | Noticed a gargoyle
  6892 | D:8      | Noticed a manticore
  6896 | D:8      | Killed a manticore
  6901 | D:8      | Killed a gargoyle
  6911 | D:8      | Identified the ring of Orthodoxy {Ice Fly rElec MP+9 Str-2}
  6914 | D:8      | Got the Directory of Flames and Congelation
  7186 | D:9      | Reached skill level 11 in Staves
  7288 | D:9      | Noticed a two-headed ogre
  7310 | D:9      | Killed a two-headed ogre
  7311 | D:9      | Reached skill level 1 in Throwing
  7397 | D:10     | Entered Level 10 of the Dungeon
  7575 | D:9      | Reached ** piety under Qazlal
  7603 | D:9      | Reached XP level 11. HP: 78/83 MP: 14/14
  7863 | D:10     | Reached skill level 1 in Evocations
  7922 | D:10     | Found a staircase to the Orcish Mines.
  7922 | D:10     | Noticed a two-headed ogre
  7934 | D:10     | Killed a two-headed ogre
  7935 | D:10     | Reached skill level 12 in Staves
  8234 | D:10     | Noticed a two-headed ogre
  8241 | D:10     | Noticed a brown ugly thing
  8241 | D:10     | Noticed an ogre mage
  8243 | D:10     | Noticed a centaur warrior
  8245 | D:10     | HP: 1/83 [acid (5)]
  8245 | D:10     | Shot with an arrow by a centaur warrior

Illustrated notes

Levels and vault maps discovered:
D:1:      wander_arrival_desolate, layout_basic, serial_curves, eino_curves_03,
          eino_curves_02, moated_statue
D:2:      layout_loops_ring
D:3:      layout_basic, lemuel_coloured_pillars_altar, ebering_ghost_sewer_d,
          uniq_ijyb, uniq_grinder
D:4:      layout_loops_ring
D:5:      layout_basic, minmay_temple_entry_junction_2, portal_sewer_entry_b
D:6:      layout_basic, nicolae_ossuary_entry_monument,
          minmay_manual_monstrance, uniq_maggie, uniq_pikel
D:7:      layout_cave_pools, gammafunk_ghost_stat_death, hangedman_misty_isle,
          uniq_menkaure
D:8:      layout_basic, minmay_radiant, uniq_erica
D:9:      layout_long_grid, kennysheep_small_circle
D:10:     hangedman_cross_veins, layout_loops_ring,
          minmay_orc_entry_temple_small, serial_shops,
          nicolae_shop_behind_doors, grunt_ministairs_11
Temple:   minmay_crystal_snake_temple

Skill      XL: |  1  2  3  4  5  6  7  8  9 10 11 |
---------------+----------------------------------+-----
Axes           | 2 4 5 |  5.1
Armour         | 3 4 5 6 |  6.6
Shields        | 3 |  3.3
Fighting       | 4 5 6 |  6.8
Dodging        | 1 2 |  2.5
Staves         | 3 7 9 11 12 | 12.4
Stealth        | 1 |  1.2
Invocations    | 4 |  4.9
Throwing       | 1 |  1.6
Evocations     | 2 |  2.3

Action                   |  1- 3 |  4- 6 |  7- 9 | 10-12 || total
-------------------------+-------+-------+-------+-------++-------
Melee: War axe           |   123 |   114 |    33 |       ||   270
       Tailslap          |    15 |    14 |    27 |    28 ||    84
       Lajatang          |       |       |   180 |   184 ||   364
Throw: Dart              |       |       |    11 |     7 ||    18
  Use: Potion            |     1 |     2 |     4 |       ||     7
       Scroll            |     8 |     3 |    14 |     4 ||    29
Armor: Scale mail        |    60 |    22 |       |       ||    82
       Chain mail        |       |    37 |    68 |       ||   105
       Swamp dragon scal |       |       |    53 |    23 ||    76
       Crystal plate arm |       |       |       |    79 ||    79
Dodge: Dodged            |    63 |    47 |   117 |    46 ||   273
Block: Buckler           |    27 |    26 |     5 |       ||    58
       Other             |       |       |     1 |     8 ||     9

Table legend: (Time is in decaauts)
 A = Elapsed time spent in this place.
 B = Non-inter-level travel time spent in this place.
 C = Inter-level travel time spent in this place.
 D = Time resting spent in this place.
 E = Time spent auto-exploring this place.
 F = Levels seen in this place.
 G = Mean time per level.
                   A        B        C        D        E       F      G
               +--------+--------+--------+--------+--------+-----+--------+
         Total |   8477 |   8375 |    102 |    163 |   4054 |  12 |  706.4 |
       Dungeon |   7878 |   7776 |    102 |    163 |   3876 |  10 |  787.8 |
        Temple |    103 |    103 |      0 |      0 |     45 |   1 |  103.0 |
         Sewer |    494 |    494 |      0 |      0 |    133 |   1 |  494.0 |
               +--------+--------+--------+--------+--------+-----+--------+

Top non-repeatable levels by time:
     D:6: 1316 daAuts
     D:1: 961 daAuts
     D:8: 794 daAuts
     D:5: 794 daAuts
     D:2: 770 daAuts
     D:3: 745 daAuts
     D:7: 692 daAuts
     D:4: 687 daAuts
     D:9: 624 daAuts
   Sewer: 494 daAuts
    D:10: 492 daAuts
  Temple: 103 daAuts
